 Dungeon Crawl Stone Soup version 0.31-a0-145-g046c7d2549 (webtiles) character file.

Game seed: 18037556195939661425

1798 qw the Skirmisher (level 8, -1/73 HPs)
             Began as a Minotaur Hunter on June 6, 2023.
             Slain by Duvessa
             ... wielding a +2 rapier of freezing
              (5 damage)
             ... on level 7 of the Dungeon.
             The game lasted 00:02:31 (5805 turns).

qw the Skirmisher (Minotaur Hunter)                 Turns: 5805, Time: 00:02:32

Health: -1/73      AC:  9    Str: 17    XL:     8   Next: 83%
Magic:  7/7        EV: 12    Int:  6    God:
Gold:   304        SH:  0    Dex: 15    Spells: 7/7 levels left

rFire   . . .        Y - +0 shortbow
rCold   . . .        (shield currently unavailable)
rNeg    + . .        j - +0 ring mail
rPois   .            (helmet restricted)
rElec   .            (no cloak)
rCorr   +            i - +2 pair of gloves
SInv    .            (no boots)
Will    .....        (no amulet)
Stlth   +            b - ring of positive energy
HPRegen 0.32/turn    c - ring of resist corrosion
MPRegen 0.10/turn

%: no passive effects
@: about to teleport
A: horns 2, retaliatory headbutt
a: no special abilities


You were on level 7 of the Dungeon.
You visited 2 branches of the dungeon, and saw 8 of its levels.
You also visited: Sewer.

You collected 304 gold pieces.


Innate Abilities, Weirdness & Mutations

You have a pair of horns on your head.
You reflexively headbutt those who attack you in melee.


   Skills:
 - Level 7.0 Fighting
 + Level 10.9 Ranged Weapons
 - Level 3.7 Armour
 - Level 3.3 Dodging
 - Level 0.7 Stealth


You had 7 spell levels left.
You didn't know any spells.
Your spell library was empty.

Inventory:

Hand Weapons
 Y - a +0 shortbow (weapon)
Armour
 i - a +2 pair of gloves (worn)
 j - a +0 ring mail (worn)
Jewellery
 b - a ring of positive energy (left hand)
 c - a ring of resist corrosion (right hand)
Wands
 k - a wand of digging (5)
Scrolls
 e - 4 scrolls of teleportation
 f - 2 scrolls of identify
Potions
 a - a potion of resistance
 d - a potion of mutation
 g - 6 potions of curing
 h - 2 potions of heal wounds
 l - a potion of haste
 m - a potion of might

Dungeon Overview and Level Annotations

Branches:
Dungeon (7/15)             Temple (1/1) D:5           Sewer (visited)

Altars:
Ashenzari
Cheibriados
Dithmenos
Elyvilon
Gozag
Hepliaklqana
Qazlal
Ru
Trog
Wu Jian
Yredelemnul
Zin

Annotations:
D:2 1 runed translucent door, Crazy Yiuf
D:7 Dowan, Duvessa, Menkaure


Message History

The arrow hits Duvessa.
Duvessa is moderately wounded.
Duvessa hits you with a +2 rapier of freezing.
Duvessa freezes you. Dowan completely misses you.
You shoot an arrow. The arrow barely misses Duvessa.
Dowan hits you with a +0 dagger. Duvessa barely misses you.
You shoot an arrow. The arrow barely misses Duvessa.
Duvessa hits you but does no damage. Dowan hits you but does no damage.
You shoot an arrow. The arrow hits Duvessa.
Duvessa is moderately wounded.
Duvessa barely misses you. Dowan hits you with a +0 dagger.
You shoot an arrow.
The arrow hits Duvessa but does no damage.
Duvessa is moderately wounded.
Dowan misses you. Duvessa hits you but does no damage.
You shoot an arrow.
The arrow hits Duvessa but does no damage.
Duvessa is moderately wounded.
Dowan casts a spell at you. You resist with some effort.
Duvessa hits you with a +2 rapier of freezing.
Duvessa freezes you.
You shoot an arrow.
The arrow hits Duvessa but does no damage.
Duvessa is moderately wounded.
Duvessa hits you with a +2 rapier of freezing.
Duvessa freezes you. Dowan barely misses you. You furiously retaliate!
You headbutt Dowan, but do no damage. You shoot an arrow.
The arrow closely misses Duvessa.
The arrow hits Menkaure!
Menkaure is moderately damaged.
Menkaure mumbles drily.
Dowan closely misses you.
Duvessa hits you with a +2 rapier of freezing!
Duvessa freezes you.
5805 ||| READING 5 scrolls of teleportation.
As you read the scroll of teleportation, it crumbles to dust.
You feel strangely unstable. Menkaure hits you!
Duvessa hits you with a +2 rapier of freezing.
You die...

#........................
##......................##
#.....#.................#
#..>..............#...#...
#......##.###...#.#.......
#######.#........#.........
......[....................
###...............
#.......@.......
#......eeM.#....
#..........# ...
#............
#...........###
#............ .............
.............


You could see Duvessa, Menkaure and Dowan.

Vanquished Creatures
  A wyvern (D:7)
  Edmund (D:4)
  An ice beast (D:7)
  An ogre (D:5)
  A sky beast (D:4)
  A black bear (D:6)
  3 elf skeletons (D:5)
  2 bullfrogs
  2 scorpions (D:5)
  4 hounds
  2 jellies (D:5)
  An iguana (D:5)
  3 sleepcaps
  5 orc wizards
  5 river rats (Sewer)
  18 adders
  3 white imps
  2 ufetubi
  2 worms
  4 dart slugs
  7 orcs
  8 bats
  10 endoplasms
  A giant cockroach (D:2)
  5 goblins
  4 hobgoblins
  9 kobolds
  3 quokkas
  8 ball pythons
  9 frilled lizards
  3 orc skeletons (D:5)
  14 rats
143 creatures vanquished.

Notes
Turn   | Place    | Note
-------+----------+-------------------------------------------
     0 | D:1      | qw the Minotaur Hunter began the quest for the Orb.
     0 | D:1      | Reached XP level 1. HP: 18/18 MP: 0/0
     0 | D:1      | 0 ||| qw: Version: 0.2-a-116-g91df2f0
     0 | D:1      | 0 ||| qw: Game counter: 2392
     0 | D:1      | 0 ||| qw: Always use a shield: true
     0 | D:1      | 0 ||| qw: God list: Okawaru
     0 | D:1      | 0 ||| qw: Allow faded altars: false
     0 | D:1      | 0 ||| qw: Do Orc after D:15 true
     0 | D:1      | 0 ||| qw: Do second Lair branch before Depths: true
     0 | D:1      | 0 ||| qw: Lair rune preference: random
     0 | D:1      | 0 ||| qw: Plans: Normal
     0 | D:1      | 0 ||| PLANNING D:1-11
     0 | D:1      | 0 ||| qw: Version: 0.2-a-116-g91df2f0
     0 | D:1      | 0 ||| qw: Game counter: 2393
     0 | D:1      | 0 ||| qw: Always use a shield: true
     0 | D:1      | 0 ||| qw: God list: Okawaru
     0 | D:1      | 0 ||| qw: Allow faded altars: false
     0 | D:1      | 0 ||| qw: Do Orc after D:15 true
     0 | D:1      | 0 ||| qw: Do second Lair branch before Depths: true
     0 | D:1      | 0 ||| qw: Lair rune preference: random
     0 | D:1      | 0 ||| qw: Plans: Normal
     0 | D:1      | 0 ||| PLANNING D:1-11
   290 | D:1      | Reached XP level 2. HP: 25/25 MP: 1/1
   293 | D:1      | Reached skill level 5 in Ranged Weapons
   342 | D:1      | Found a faded altar of an unknown god.
   715 | D:1      | 715 ||| READING scroll labelled YGHAPR UMUGI.
   720 | D:1      | 720 ||| READING scroll labelled XEASME SONUOS.
   721 | D:1      | 721 ||| READING 3 scrolls labelled PONIEH FIKHLOIQ.
   722 | D:1      | 722 ||| READING scroll labelled ADITYV MEFES.
   723 | D:1      | 723 ||| READING 2 scrolls of identify.
   723 | D:1      | 723 ||| IDENTIFYING fuming golden potion
   724 | D:1      | 724 ||| DROPPING scroll of butterflies.
   725 | D:1      | 725 ||| DROPPING potion of enlightenment.
   792 | D:2      | Reached skill level 3 in Fighting
   810 | D:2      | Reached XP level 3. HP: 24/31 MP: 2/2
  1028 | D:2      | Reached XP level 4. HP: 24/38 MP: 3/3
  1303 | D:2      | Found a runed translucent door.
  1304 | D:2      | Noticed Crazy Yiuf
  1307 | D:2      | 1307 ||| UPGRADING to ring of positive energy.
  1308 | D:2      | 1308 ||| READING scroll labelled IXUMOF PUUPHO.
  1309 | D:2      | 1309 ||| READING scroll labelled YCVIGI USUETS.
  1310 | D:2      | 1310 ||| READING 4 scrolls of identify.
  1310 | D:2      | 1310 ||| IDENTIFYING coppery potion
  1311 | D:2      | 1311 ||| READING 3 scrolls of identify.
  1311 | D:2      | 1311 ||| IDENTIFYING pink potion
  1312 | D:2      | 1312 ||| READING 2 scrolls of identify.
  1312 | D:2      | 1312 ||| IDENTIFYING metallic green potion
  1313 | D:2      | 1313 ||| DROPPING potion of invisibility.
  1504 | D:3      | Reached skill level 6 in Ranged Weapons
  2083 | D:3      | 2083 ||| UPGRADING to +0 ring mail.
  2093 | D:3      | 2093 ||| DROPPING +0 leather armour.
  2094 | D:3      | 2094 ||| READING scroll labelled PALAIPH MUFA.
  2095 | D:3      | 2095 ||| DRINKING 2 viscous clear potions.
  2096 | D:3      | 2096 ||| READING 3 scrolls of identify.
  2096 | D:3      | 2096 ||| IDENTIFYING fizzy sapphire potion
  2097 | D:3      | 2097 ||| DROPPING potion of attraction.
  2099 | D:3      | 2099 ||| Stepping ~*~*~tactically~*~*~ (cloud).
  2230 | D:4      | Noticed Edmund
  2245 | D:4      | Killed Edmund
  2246 | D:4      | Reached skill level 3 in Armour
  2246 | D:4      | Reached XP level 5. HP: 23/46 MP: 4/4
  2668 | D:4      | Noticed a sky beast
  2687 | D:4      | HP: 11/46 [something (5)]
  2689 | D:4      | Killed a sky beast
  2690 | D:4      | Reached XP level 6. HP: 14/52 MP: 5/5
  2851 | D:4      | Reached skill level 7 in Ranged Weapons
  2970 | D:4      | 2970 ||| UPGRADING to +2 pair of gloves.
  3202 | D:4      | 3202 ||| DROPPING ring of flight.
  3203 | D:4      | 3203 ||| READING scroll labelled QUM FA PUST.
  3204 | D:4      | 3204 ||| READING scroll labelled KEUFOEPSIG.
  3205 | D:4      | 3205 ||| READING 7 scrolls of identify.
  3205 | D:4      | 3205 ||| IDENTIFYING green potion
  3206 | D:4      | 3206 ||| READING 6 scrolls of identify.
  3206 | D:4      | 3206 ||| IDENTIFYING bubbling white potion
  3207 | D:4      | 3207 ||| READING 5 scrolls of identify.
  3207 | D:4      | 3207 ||| IDENTIFYING blue potion
  3241 | D:5      | Entered Level 5 of the Dungeon
  3242 | D:5      | 3242 ||| PLANNING SEWER
  3287 | D:5      | Reached skill level 8 in Ranged Weapons
  3287 | D:5      | Reached XP level 7. HP: 48/59 MP: 6/6
  3446 | D:5      | Found a glowing drain.
  3484 | D:5      | 3484 ||| READING 4 scrolls of identify.
  3484 | D:5      | 3484 ||| IDENTIFYING smoky ruby potion
  3485 | D:5      | 3485 ||| READING 3 scrolls of identify.
  3485 | D:5      | 3485 ||| IDENTIFYING viscous pink potion
  3486 | D:5      | 3486 ||| DROPPING potion of berserk rage.
  3487 | D:5      | 3487 ||| DROPPING potion of degeneration.
  3500 | D:5      | 3500 ||| Stepping ~*~*~tactically~*~*~ (water).
  3526 | Sewer    | Entered a sewer
  3576 | Sewer    | 3576 ||| Stepping ~*~*~tactically~*~*~ (water).
  3616 | Sewer    | 3616 ||| Stepping ~*~*~tactically~*~*~ (water).
  3861 | Sewer    | 3861 ||| READING 3 scrolls of identify.
  3861 | Sewer    | 3861 ||| IDENTIFYING murky brown potion
  3862 | Sewer    | 3862 ||| READING 2 scrolls of identify.
  3862 | Sewer    | 3862 ||| IDENTIFYING purple potion
  3863 | Sewer    | 3863 ||| DROPPING potion of lignification.
  3864 | Sewer    | 3864 ||| DROPPING potion of brilliance.
  3900 | D:5      | 3900 ||| RIP OSSUARY
  3901 | D:5      | 3901 ||| PLANNING D:1-11
  3914 | D:5      | Found a staircase to the Ecumenical Temple.
  3915 | D:5      | 3915 ||| PLANNING TEMPLE
  3926 | Temple   | Entered the Ecumenical Temple
  4056 | Temple   | 4056 ||| PLANNING D:1-11
  4082 | D:5      | 4082 ||| DRINKING 5 potions of curing.
  4082 | D:5      | 4082 ||| (to cure confusion)
  4233 | D:5      | Reached skill level 9 in Ranged Weapons
  4332 | D:5      | Reached skill level 3 in Dodging
  4404 | D:5      | Reached XP level 8. HP: 69/69 MP: 7/7
  4556 | D:5      | Reached skill level 6 in Fighting
  4739 | D:5      | 4739 ||| UPGRADING to ring of resist corrosion.
  4907 | D:6      | Reached skill level 10 in Ranged Weapons
  5089 | D:6      | Noticed a two-headed ogre
  5089 | D:6      | Noticed a boulder beetle
  5787 | D:7      | Noticed Duvessa
  5787 | D:7      | Noticed Dowan
  5796 | D:7      | Noticed Menkaure
  5804 | D:7      | HP: 18/73 [Duvessa/+2 rapier of freezing (3)]
  5805 | D:7      | 5805 ||| READING 5 scrolls of teleportation.
  5805 | D:7      | HP: 4/73 [Menkaure (14)]
  5805 | D:7      | Slain by Duvessa

Levels and vault maps discovered:
D:1:      minmay_arrival_widening_spiral_wide, layout_loops_ring,
          ebering_ecumenical_altar_abandoned, serial_bayou_ford_a,
          hangedman_decor_clover_reticule
D:2:      layout_basic, uniq_crazy_yiuf_cottage
D:3:      layout_basic, st_stairs_2
D:4:      nicolae_cairo_tiling_large, layout_basic, minmay_checkerbox,
          uniq_edmund
D:5:      layout_basic, minmay_temple_entry_glassed_door,
          cheibrodos_sewer_entry_drain, nicolae_ossuary_entry_catacombs
D:6:      layout_cave_pods, lightli_corner_chamber
D:7:      layout_basic, enter_bailey_2, serial_curves, eino_curves_04,
          eino_curves_04, serial_shops, shop, dk_noncrumbling_2, uniq_menkaure,
          uniq_pikel, uniq_duvessa
Temple:   hellmonk_temple_forest_ring

Skill      XL: |  1  2  3  4  5  6  7  8 |
---------------+-------------------------+-----
Ranged Weapons | 5 6 8 9 10 | 10.9
Fighting       | 3 4 5 7 |  7.0
Armour         | 3 |  3.7
Dodging        | 3 |  3.3
Stealth        | |  0.7

Action                     |  1- 3 |  4- 6 |  7- 9 || total
---------------------------+-------+-------+-------++-------
   Fire: Shortbow          |    89 |   178 |   321 ||   588
    Use: Scroll            |     5 |    12 |     5 ||    22
         Potion            |       |     1 |     1 ||     2
 Armour: Leather armour    |    11 |     7 |       ||    18
         Ring mail         |       |    22 |    76 ||    98
  Dodge: Dodged            |    38 |    30 |    96 ||   164

Table legend:
 A = Non-vault XP
 B = Vault XP
 C = Vault XP percentage of total XP
 D = Non-vault monster count
 E = Vault monster count
 F = Vault count percentage of total count
                 A         B        C        D         E       F
            +---------+---------+-------+---------+---------+-------
      Total |    1962 |     607 |  23.6 |      99 |      44 |  30.8
            +---------+---------+-------+---------+---------+-------
        D:1 |      21 |       0 |   0.0 |      11 |       0 |   0.0
        D:2 |      82 |       0 |   0.0 |      19 |       0 |   0.0
        D:3 |      72 |       4 |   5.3 |      19 |       2 |   9.5
        D:4 |     196 |     183 |  48.3 |      13 |       5 |  27.8
        D:5 |     802 |     269 |  25.1 |      21 |       9 |  30.0
        D:6 |     455 |       0 |   0.0 |      14 |       0 |   0.0
        D:7 |     334 |       0 |   0.0 |       2 |       0 |   0.0
      Sewer |       0 |     151 | 100.0 |       0 |      28 | 100.0
            +---------+---------+-------+---------+---------+-------
